 Dungeon Crawl Stone Soup version 0.29.1-2-gbd0b4ee654 (webtiles) character file.

Game seed: 9700561778169353171

126 Acheron the Digger (level 4, -16/36 HPs)
             Began as a Minotaur Earth Elementalist on Oct 23, 2022.
             Demolished by an ogre
             ... wielding a +0 giant club
              (29 damage)
             ... on level 4 of the Dungeon.
             The game lasted 00:15:18 (3004 turns).

Acheron the Digger (Minotaur Earth Elementalist)    Turns: 3004, Time: 00:15:18

Health: -16/36     AC:  7    Str: 13    XL:     4   Next: 84%
Magic:  5/5        EV:  9    Int: 12    God:
Gold:   100        SH:  0    Dex: 12    Spells: 3/6 levels left

rFire   + . .      SeeInvis .   k - +0 spear
rCold   . . .      Faith    .   (no shield)
rNeg    . . .      Spirit   .   y - +0 scale mail
rPois   .          Reflect  .   (helmet restricted)
rElec   .          Harm     .   q - +0 cloak
rCorr   +          Rampage  .   (no gloves)
Will    .....                   (no boots)
Stlth   +.........              (no amulet)
HPRegen 0.12/turn               t - ring of protection from fire
MPRegen 0.09/turn               u - ring of resist corrosion

@: hasted, very quick
A: horns 2, retaliatory headbutt
a: no special abilities


You were on level 4 of the Dungeon.
You visited 1 branch of the dungeon, and saw 4 of its levels.

You collected 100 gold pieces.

Inventory:

Hand Weapons
 k - a +0 spear (weapon)
 B - a +0 flail
Missiles
 d - a poisoned dart
 g - 10 stones (quivered)
 r - 2 javelins
Armour
 q - a +0 cloak (worn)
 y - a +0 scale mail (worn)
Jewellery
 t - a ring of protection from fire (left hand)
 u - a ring of resist corrosion (right hand)
 x - an amulet of faith
 A - a ring of ice
Wands
 l - a wand of iceblast (11)
Scrolls
 c - 2 scrolls of magic mapping {unknown}
 f - 6 scrolls of vulnerability {unknown}
 h - a scroll of fear {unknown}
 i - a scroll of butterflies {unknown}
 o - 2 scrolls of amnesia {unknown}
 s - a scroll of teleportation {unknown}
 v - a scroll of poison {unknown}
Potions
 a - a potion of berserk rage {unknown}
 b - 3 potions of magic
 e - a potion of ambrosia {unknown}
 j - a potion of attraction {unknown}
 m - 2 potions of heal wounds
 n - 2 potions of haste
 z - a potion of brilliance {unknown}


   Skills:
 * Level 2.2 Fighting
 * Level 1.2 Polearms
 * Level 1.0 Throwing
 * Level 0.2 Armour
 * Level 2.7 Dodging
 * Level 2.0 Stealth
 + Level 0.2 Unarmed Combat
 * Level 1.8 Spellcasting
 + Level 1.3 Transmutations
 * Level 2.8 Earth Magic


You had 3 spell levels left.
You knew the following spells:

 Your Spells              Type           Power      Damage    Failure   Level
a - Sandblast             Erth           16%        2d6       38%         1
b - Passwall              Tmut/Erth      5%         N/A       65%         2

Your spell library contained the following spells:

 Spells                   Type           Power      Damage    Failure   Level
 Static Discharge         Conj/Air       1%         3-4/arc   91%         2
 Stone Arrow              Conj/Erth      8%         3d7       93%         3
 Petrify                  Tmut/Erth      6%         N/A       99%         4
 Dispel Undead            Necr           1%         3d6       100%        4
 Sticky Flame             Conj/Fire      1%         2d3       100%        4


Dungeon Overview and Level Annotations

Branches:
Dungeon (4/15)
 Temple: D:4-7

Altars:


Innate Abilities, Weirdness & Mutations

You have a pair of horns on your head.
You reflexively headbutt those who attack you in melee.


Message History

You see here a +0 short sword.
There is a stone staircase leading down, spattered with blood here.
You climb downwards.
There is a stone staircase leading up here.
There is a stone staircase leading down here.
You climb downwards.
There is a stone staircase leading up here.
Found a book of Touch.
You pick up a book of Touch and begin reading...
You add the spells Static Discharge, Sticky Flame and Dispel Undead to your library.
Found a wooden wand.
Found 2 scrolls labelled ZAORHI JAMM.
c - 2 scrolls labelled ZAORHI JAMM
l - a wand of iceblast (11)
An ogre comes into view. It is wielding a +0 giant club.
The ogre shouts!
You feel yourself speed up. The ogre hits you with a +0 giant club!
You hit the ogre.
The ogre is lightly wounded.
The ogre barely misses you. You furiously retaliate!
You headbutt the ogre. You hit the ogre.
The ogre is moderately wounded.
You hit the ogre.
The ogre is heavily wounded.
The ogre misses you. You furiously retaliate!
You headbutt the ogre, but do no damage.
You completely miss the ogre.
The ogre is heavily wounded.
You completely miss the ogre.
The ogre is heavily wounded.
You barely miss the ogre. Your headbutt misses the ogre.
The ogre is heavily wounded.
The ogre hits you with a +0 giant club!
You hit the ogre.
The ogre is severely wounded.
You hit the ogre but do no damage. You headbutt the ogre.
The ogre is severely wounded.
The ogre hits you with a +0 giant club!!
Ouch! That really hurt!
You die...

### ##.## ## ##...## .
..... .# # ...##.### #
#.O...... # #@# .# #
#.###.# ### #+# #.....#
..# #.# #..#..# #.# #.#
#....## #.# ##.## #.#.##
#.###...## #.#.####.#
#.##.....#######........#
#.###...###........######


You could see an ogre.

Vanquished Creatures
  Terence (D:2)
  2 adders (D:2)
  3 dart slugs
  5 orcs (D:3)
  7 ball pythons
  6 bats
  8 endoplasms
  3 giant cockroaches (D:2)
  7 goblins
  6 hobgoblins
  2 jackals (D:1)
  3 kobolds
  A quokka (D:1)
  A frilled lizard (D:2)
  14 rats
69 creatures vanquished.

Notes
Turn   | Place    | Note
-------+----------+-------------------------------------------
     0 | D:1      | Acheron the Minotaur Earth Elementalist began the quest for
                  | the Orb.
     0 | D:1      | Reached XP level 1. HP: 14/14 MP: 1/1
    72 | D:1      | Reached skill level 1 in Transmutations
   332 | D:1      | Reached skill level 1 in Fighting
   346 | D:1      | Reached XP level 2. HP: 23/23 MP: 3/3
  1327 | D:1      | Reached XP level 3. HP: 25/29 MP: 1/4
  1683 | D:2      | Noticed Terence
  1736 | D:2      | Learned a level 2 spell: Passwall
  1935 | D:2      | Reached XP level 4. HP: 32/36 MP: 1/5
  2337 | D:3      | Reached skill level 1 in Polearms
  2417 | D:2      | Killed Terence
  2728 | D:3      | Reached skill level 1 in Throwing
  2995 | D:4      | Noticed an ogre
  3004 | D:4      | Demolished by an ogre

Illustrated notes

Levels and vault maps discovered:
D:1:      doesnt_arrival_eight_statues, layout_basic, minmay_rat_gold_closets
D:2:      layout_rooms, uniq_terence
D:3:      layout_rooms
D:4:      layout_loops_corners, nicolae_overflow_hidden_temple

Skill      XL: |  1  2  3  4 |
---------------+-------------+-----
Transmutations | 1 |  1.3
Fighting       | 1 2 |  2.2
Stealth        | 2 |  2.0
Polearms       | 1 |  1.2
Throwing       | 1 |  1.0
Armour         | |  0.2
Dodging        | |  2.7
Unarmed Combat | |  0.2
Spellcasting   | |  1.8
Earth Magic    | |  2.8

Action                   |  1- 3 |  4- 6 || total
-------------------------+-------+-------++-------
Melee: Unarmed           |    13 |       ||    13
       Headbutt          |    12 |    10 ||    22
       Punch             |     2 |       ||     2
       Spear             |    59 |    66 ||   125
Throw: Dart              |     1 |     1 ||     2
       Stone             |       |     1 ||     1
 Cast: Sandblast         |    28 |     9 ||    37
  Use: Scroll            |       |     4 ||     4
       Potion            |       |     1 ||     1
 Stab: Sleeping          |     4 |     1 ||     5
Armor: Robe              |    14 |     3 ||    17
       Scale mail        |       |    20 ||    20
Dodge: Dodged            |    42 |    23 ||    65
